Cogmind - Beta 9.2 @@@ ROGUE MODE // 2019.11.13 @ 20:21:34 Player: s0lid Result: Destroyed by D-53 Grenadier with Mini Grenade Launcher Performance ------------- Evolutions (0) 0 Regions Visited (2) 400 Robots Destroyed (5) 25 Value Destroyed (30) 30 Prototype IDs (0) 0 Alien Tech Used (0) 0 Bonus (0) 0 TOTAL SCORE: 455 Bonus ------- None Cogmind --------- Core Integrity 0/250 Matter 300/300 Energy 261/265 System Corruption 0% Temperature Cool (2) Movement Walking (150) Ox1 Location -10/Mines Parts ------- > --- POWER (1) -------- Improved Ion Engine > --- PROPULSION (2) --- Carbon-fiber Leg Carbon-fiber Leg > --- UTILITY (2) ------ High-capacity Storage Unit Core Shielding > --- WEAPON (2) ------- Beamcaster Rocket Launcher > --- INVENTORY (12) --- Light Ion Engine Light Treads Aluminum Leg Aluminum Leg Carbon-fiber Leg Improved Heat Sink Small Storage Unit Small Matter Pod (50) Seismic Analyzer Targeting Computer Utility Shielding Light Assault Rifle Peak State ------------ > --- POWER ------------ Improved Ion Engine > --- PROPULSION ------- Carbon-fiber Leg Carbon-fiber Leg > --- UTILITY ---------- High-capacity Storage Unit Core Shielding > --- WEAPON ----------- Beamcaster Rocket Launcher > --- INVENTORY -------- Light Ion Engine Light Ion Engine Light Treads Light Treads Aluminum Leg Aluminum Leg Small Storage Unit Small Matter Pod Seismic Analyzer Targeting Computer Utility Shielding Light Assault Rifle [Rating: 18] Favorites ----------- Power Light Ion Engine Engine Light Ion Engine Propulsion Wheel Treads Light Treads Leg Carbon-fiber Leg Wheel Wheel Utility High-capacity Storage Unit Storage High-capacity Storage Unit Protection Core Shielding Weapon Rocket Launcher Energy Gun EM Pulse Gun Ballistic Gun Light Assault Rifle Launcher Rocket Launcher Special Weapon Mining Laser Build | -11 -10 -10 ------- Run | Scr Mat Min Slots Evolved . | . . . Power . | . . . Propulsion . | . . . Utility . | . . . Weapon . | . . . Parts Attached 19 | 6 4 9 Power 3 | 1 . 2 Engine 3 | 1 . 2 Core . | . . . Reactor . | . . . Propulsion 6 | 2 1 3 Treads 1 | . . 1 Leg 2 | . . 2 Wheel 3 | 2 1 . Hover . | . . . Flight . | . . . Utility 3 | 1 1 1 Device . | . . . Storage 2 | 1 1 . Processor . | . . . Hackware . | . . . Protection 1 | . . 1 Artifact . | . . . Weapon 7 | 2 2 3 Energy Gun 4 | 2 1 1 Energy Cannon . | . . . Ballistic Gun 1 | . . 1 Ballistic Cannon . | . . . Launcher 1 | . . 1 Special Weapon 1 | . 1 . Impact Weapon . | . . . Slashing Weapon . | . . . Piercing Weapon . | . . . Special Melee Weapon . | . . . Unidentified Prototypes . | . . . Parts Lost 8 | . 6 2 Power 1 | . 1 . Propulsion 3 | . 2 1 Utility . | . . . Weapon 4 | . 3 1 Highest Loss Streak 6 | . 6 1 Average Slot Usage (%) 94 | . 88 97 Engine 13 | . 13 14 Treads 9 | . . 13 Leg 1 | . . 1 Wheel 16 | . 25 12 Storage 25 | . 25 25 Protection 1 | . . 2 Energy Gun 8 | . 23 1 Ballistic Gun 1 | . . 1 Launcher 8 | . . 12 Special Weapon 7 | . . 10 Naked Turns . | . . . Heaviest Build 49 | 11 43 49 Greatest Support 30 | 20 20 30 Greatest Overweight (x) 4 | . 3 4 Average Overweight (x) 2 | . 1 3 Largest Inventory Capacity 14 | 6 14 14 Average Capacity 12 | 5 12 13 Most Carried 12 | 6 8 12 Average Carried 7 | 3 7 7 Final Capacity 14 | 6 14 12 Final Carried 12 | 6 6 12 Class Distribution -------------------- 100% | Mutant Dominant Class ---------------- Mutant | -10/Materials Mutant | -10/Mines Resources | -11 -10 -10 ----------- Run | Scr Mat Min Matter Collected 419 | 241 17 161 Remotely . | . . . Salvage Created 67 | . 49 18 Parts 5 | . 5 . Haulers Intercepted . | . . . Recyclers Shooed 2 | . 2 . Parts Field Recycled . | . . . Retrieved Matter . | . . . Parts Self-Destructed . | . . . Prevented . | . . . Kills | -11 -10 -10 ------- Run | Scr Mat Min Combat Hostiles Destroyed 5 | . 3 2 Guns 5 | . 3 2 Classes Destroyed 2 | . 1 1 Swarmer 3 | . 3 . Assembled 2 | . . 2 Best Kill Streak 3 | . 3 2 Combat Bots Only 3 | . 3 2 Max Kills in Single Turn 1 | . 1 1 Gunslinging . | . . . Exploded . | . . . Melee . | . . . Uniques/NPCs Destroyed . | . . . Combat | -11 -10 -10 -------- Run | Scr Mat Min Damage Taken 954 | . 564 390 Core 256 | . 164 92 Absorbed by Shields . | . . . Core Remaining (%) 100 | 100 . . Volleys Fired 39 | . 26 13 Largest 2 | . 2 1 Hottest 90 | . 90 75 Shots Fired 58 | . 45 13 Gun 57 | . 45 12 Cannon . | . . . Launcher 1 | . . 1 Special . | . . . Kinetic 10 | . . 10 Thermal 22 | . 20 2 Explosive 1 | . . 1 Electromagnetic 25 | . 25 . Robot Hit Streak 4 | . 4 3 Robot Miss Streak 8 | . 8 4 Penetration Max . | . . . Secondary Targets 2 | . 2 . Max Gunslinging Chain 1 | . 1 . Shots Hit Robots 26 | . 19 7 Core Hits 13 | . 7 6 Critical Hits . | . . . Critical Kills . | . . . Critical Parts Destroyed . | . . . Melee Attacks . | . . . Impact . | . . . Slashing . | . . . Piercing . | . . . Sneak Attacks . | . . . Combat Hostiles . | . . . Follow-up Attacks . | . . . Damage Inflicted 482 | . 278 204 Guns 356 | . 269 87 Cannons . | . . . Explosions 117 | . . 117 Melee . | . . . Ramming 9 | . 9 . Kinetic 46 | . . 46 Thermal 123 | . 82 41 Explosive 117 | . . 117 Electromagnetic 187 | . 187 . Impact . | . . . Slashing . | . . . Piercing . | . . . Highest Corruption . | . . . Average Corruption . | . . . Corruption Purged . | . . . Overload Shots . | . . . Overflow Damage 17 | . . 17 Projectiles . | . . . Explosions 17 | . . 17 Melee . | . . . Knockbacks . | . . . Impact . | . . . Kinetic . | . . . Secondary . | . . . Self-Inflicted Damage 4 | . 4 . Shots . | . . . Rammed 1 | . 1 . Targets Rammed 1 | . 1 . Kicked . | . . . Crushed . | . . . Highest Temperature 350 | . 350 36 Average Temperature 128 | . 148 10 Received Heat Transfer 315 | . 246 69 Effects 1 | . 1 . Energy Bleed 1 | . 1 . Siege Activations . | . . . Robots Corrupted . | . . . Combat Hostiles . | . . . Parts Fried . | . . . Impact Corruptions . | . . . Robots Melted . | . . . Combat Hostiles . | . . . Parts Melted . | . . . Heat Transferred 309 | . 235 74 Parts Sabotaged . | . . . Parts Stolen . | . . . Parts Stripped . | . . . Power Chain Reactions . | . . . Missiles Intercepted . | . . . Alert | -11 -10 -10 ------- Run | Scr Mat Min Peak Influence 100 | . 100 15 Average Influence 22 | . 50 12 Maximum Alert Level . | . . . Low Security (%) 100 | 100 100 100 Level 1 . | . . . Level 2 . | . . . Level 3 . | . . . Level 4 . | . . . Level 5 . | . . . High Security . | . . . Max Security . | . . . Squads Dispatched 1 | . 1 . Investigation . | . . . Extermination . | . . . Reinforcement 1 | . 1 . Assault . | . . . Garrison . | . . . Intercept . | . . . Construction Impeded . | . . . Haulers Reinforced . | . . . Stealth | -11 -10 -10 --------- Run | Scr Mat Min Distress Signals 1 | . 1 . Communications Jammed . | . . . Distress Signals . | . . . Times Spotted 24 | . 17 7 Peak Tracking Total 7 | . 7 4 Tactical Retreats 3 | . 2 1 Traps | -11 -10 -10 ------- Run | Scr Mat Min Traps Triggered . | . . . Indirectly . | . . . Trap Hack Attempts . | . . . Triggered . | . . . Disarmed . | . . . Reprogrammed . | . . . Reused . | . . . Traps Extracted . | . . . Installed . | . . . Triggered . | . . . Machines | -11 -10 -10 ---------- Run | Scr Mat Min Machines Disabled . | . . . Max in Single Turn . | . . . Machines Sabotaged . | . . . Garrisons Compromised . | . . . Overloaded Fab Kills . | . . . Fab Network Shutdowns . | . . . Hacking | -11 -10 -10 --------- Run | Scr Mat Min Machines Accessed 1 | . 1 . Terminals 1 | . 1 . Fabricators . | . . . Repair Stations . | . . . Recycling Units . | . . . Scanalyzers . | . . . Garrison Access . | . . . Total Hacks 1 | . 1 . Successful . | . . . Failed 1 | . 1 . Catastrophic . | . . . Database Lockouts . | . . . Manual . | . . . Terminals 1 | . 1 . Fabricators . | . . . Repair Stations . | . . . Recycling Units . | . . . Scanalyzers . | . . . Garrison Access . | . . . Terminal Hacks . | . . . Fabricator Hacks . | . . . Repair Station Hacks . | . . . Recycling Unit Hacks . | . . . Scanalyzer . | . . . Garrison Access Hacks . | . . . Unauthorized Hacks . | . . . Terminals . | . . . Fabricators . | . . . Repair Stations . | . . . Recycling Units . | . . . Scanalyzers . | . . . Garrison Access . | . . . Data Cores Recovered . | . . . Used . | . . . Hacking Detections 1 | . 1 . Full Trace Events . | . . . Feedback Events . | . . . Feedback Blocked . | . . . Robot Schematics Acquired . | . . . Robots Built . | . . . Matter . | . . . Time . | . . . Total Robot Build Rating . | . . . Part Schematics Acquired . | . . . Parts Built . | . . . Matter . | . . . Time . | . . . Total Part Build Rating . | . . . Parts Repaired . | . . . Time . | . . . Parts Recycled . | . . . Recycled Matter . | . . . Retrieved Matter . | . . . Retrieved Components . | . . . Parts Scanalyzed . | . . . Part Schematics Acquired . | . . . Parts Damaged . | . . . Bothacking | -11 -10 -10 ------------ Run | Scr Mat Min Used RIF Installer . | . . . Robots Hacked . | . . . Non-combat . | . . . Combat . | . . . Robot Hacks Applied . | . . . Relay Couplers Released . | . . . Robots Rewired . | . . . Allies Hacked . | . . . Hacks Repelled . | . . . Allies | -11 -10 -10 -------- Run | Scr Mat Min Total Allies . | . . . Largest Group . | . . . Highest-Rated Group . | . . . Highest-Rated Ally . | . . . Total Orders . | . . . Ally Attacks . | . . . Total Damage . | . . . Kills . | . . . Allies Corrupted . | . . . Allies Melted . | . . . Intel | -11 -10 -10 ------- Run | Scr Mat Min Robot Analysis Total . | . . . Derelict Logs Recovered 1 | . . 1 Drone Launches . | . . . Drone Recoveries . | . . . Exploration | -11 -10 -10 ------------- Run | Scr Mat Min Turns Passed 597 | 55 170 372 Spaces Moved 402 | 48 86 268 Core 2 | 2 . . Treads 3 | . . 3 Legs 14 | . . 14 Wheels 383 | 46 86 251 Hover . | . . . Flight . | . . . Fastest Speed 50 | 50 80 110 Average Speed 110 | 78 93 121 Slowest Speed 210 | 80 110 210 Overloaded Moves . | . . . Propulsion Burnouts . | . . . Robots Hopped . | . . . Cave-ins Triggered . | . . . Exploration Rate (%) 27 | 3 21 59 Regions Visited 2 Branch Regions 1 Pre-discovered Areas . | . . . Known Exits Taken . | . . . Unknown Exits Taken 2 | 1 1 . Scrap Searched 1 | . . 1 Spaces Dug . | . . . Terrain Destroyed 10 | . . 10 Melee . | . . . Projectile . | . . . AOE 10 | . . 10 Actions | -11 -10 -10 --------- Run | Scr Mat Min Total 494 | 62 129 303 Wait 14 | 2 11 1 Move 400 | 47 85 268 Hop . | . . . Pick Up 16 | 7 2 7 Fast Attach 12 | 5 2 5 Attach 6 | 1 2 3 Detach 3 | . . 3 Swap 1 | . . 1 Drop 2 | . . 2 Fire 39 | . 26 13 Melee . | . . . Ram 1 | . 1 . Kick . | . . . Crush . | . . . Escape Stasis . | . . . Rewire . | . . . Trap . | . . . Miscellaneous . | . . . Route ------- -11/Scrapyard -10/Materials -10/Mines History --------- Turn | Location | Event 34 | -11/Scrapyard | Discovered new exit (range 16) 56 | -11/Scrapyard | Entered Materials 121 | -10/Materials | Discovered new exit (range 6) 219 | -10/Materials | Core integrity fell below 50% 226 | -10/Materials | Entered Mines 250 | -10/Mines | Lost 6 parts (1p2n3w) 268 | -10/Mines | Received a Rocket Launcher from a helpful Derelict 309 | -10/Mines | Build established: Mutant 371 | -10/Mines | Learned location of 1 exit from Materials 488 | -10/Mines | Assembled infested the area 515 | -10/Mines | Joined a pair of Derelicts in attacking an 0b10 outpost 561 | -10/Mines | Core integrity fell below 20% 598 | -10/Mines | Destroyed by D-53 Grenadier with Mini Grenade Launcher Last Messages --------------- brand new outpost for a little while, just waiting for an opportunity to strike. Need some help?" 00515_ as-61636 destroyed. 00519_ Mining Laser destroyed. 00519_ Y-45 Defender destroyed. 00525_ Acquired Targeting Computer. 00528_ Acquired Core Shielding. 00533_ Acquired 51 matter. 00554_ Wheel destroyed. 00563_ Acquired Beamcaster. 00564_ as-33467 destroyed. 00568_ Acquired Carbon-fiber Leg. 00570_ Acquired 64 matter. 00576_ Acquired Carbon-fiber Leg. 00579_ Dropped Lgt. Ion Engine. 00580_ Acquired Carbon-fiber Leg. 00581_ Acquired 26 matter. 00582_ as-35261 destroyed. 00595_ Dropped Lgt. Treads. 00595_ Acquired Imp. Heat Sink. Map ----- +----------------------------------------------------+ | ??????????????????????????????????? | | ??????????????????????????????????? | | ??????????????????????????????????? | | ????????????????####??????????????? | | ???????????????## ##?????????????? | | ??????????????? ##????????????? | | ???????????????# ##???????????? | | ???????????????? ##??????????? | | ???????????????? #??????????? | | ????????????????? #??????????? | | ????????????????? #??????????? | | ?????????????#### = #???????????? | | ?????????????# #???????????? | | ?????????????# # #????????????? | | ?????????????# #????#####???? | | ????????###### ### ##??? | | ????????# ##?? | | ????????# ##? | | ??????###%#### #### ### #? | | ?????## #### ##??# #?## #? | | ?????# #?### #??## #?## #? | | ??#### #???# #?## ### ### | | ?##" ##%* ##??# #?# | | ?#""![#% ##?# #?# """" | | ?# [ %+ =! ### #?## """" ## | | ?# [ + @ ## #??### """" ## | | ?#""[*# ## #????## | | ?##"%## #? ??????##### ### | | ??####### #?????????# ##?? | | ????????## $ #???????? #??? | | ?????????## #######???????### #??? | | ??????????? #???????????????# #??? | | ??????????? #??????????????? #??? | | ??????????? #??????????????? #??? | | ???????????d ?????????????? ###??? | | ???????????##?????????????? ?????? | | ??????????????????????????# ?????? | | ??????????????????????????# ?????? | | ??????????????????????????# ?????? | | ??????????????????????????# ?????? | | ??????????????????????????# ?????? | | ???????????????????????????? ?????? | | ??????????????????????????????????? | | ??????????????????????????????????? | | ??????????????????????#???????????? | | ??????????????????????# ??????????? | | ??????????????????????# ????????? | | ???????????????????????? ####???? | | ??????????????????????????# #?? | | ?????????????????????????## ### | +----------------------------------------------------+ Best States ------------- Heat Dissipation 25 Energy Generation 12 Energy Capacity 265 Matter Stores 300 Matter Capacity 300 Sight Range 16 Terrain Scan Density 10 Core Shielding 20 Evasion (%) 44 Recoil Reduction 1 Item Schematics ----------------- None Robot Schematics ------------------ None Fabricated ------------ Nothing Alien Tech Used ----------------- None Achievements -------------- None Challenges ------------ None Game ------ Seed CoilSeismicBay Manual? 0 Play Time 00:13:15 Cumulative 73.9 hours Start 2019.11.13 @ 20:09:41 End 2019.11.13 @ 20:21:34 Sessions 1 Manual Loads 0 Difficulty Rogue Special Mode None Game No. 71 Rogue 71 Adventurer 0 Explorer 0 Win Type - Total 0 Types 0/0/0/0/0/0/0 Lore% 24 Gallery% 48 Achievement% 24 Wizard Run 0 Options --------- ASCII 0 Keyboard 1 Movement Vi Keybinds 0 Fullscreen 2 Font 32/Smallcaps Map View 76x50 Tactical HUD 1 Map Filters NONE Filters NONE Steam X RUN: 05fd5680-f744-4a0f-803b-825f78bdc3fc